 Dungeon Crawl Stone Soup version 0.29.1-14-g9c671dbff4 (webtiles) character file.

Game seed: 18200846940546158545

9 Dvallin the Ruffian (level 2, 0/26 HPs)
             Began as a Ghoul Monk on Feb 12, 2023.
             Slain by an endoplasm (2 damage)
             ... on level 1 of the Dungeon.
             The game lasted 00:01:42 (280 turns).

Dvallin the Ruffian (Ghoul Monk)                     Turns: 280, Time: 00:01:43

Health: 0/26       AC:  2    Str: 14    XL:     2   Next: 12%
Magic:  1/1        EV: 12    Int:  5    God:
Gold:   9          SH:  0    Dex: 11    Spells: 1/1 levels left

rFire   . . .      SeeInvis .     - Unarmed
rCold   + . .      Faith    .   (no shield)
rNeg    + + +      Spirit   .   a - +0 robe
rPois   ∞          Reflect  .   (no helmet)
rElec   .          Harm     .   (no cloak)
rCorr   .          Rampage  .   (no gloves)
Will    .....                   (no boots)
Stlth   ++........              (no amulet)
HPRegen 0.00/turn               (no ring)
MPRegen 0.07/turn               (no ring)

@: inhibited regen
A: claws 1, cold resistance 1, negative energy resistance 3, inhibited
regeneration, torment resistance 2, devour on kill
a: no special abilities


You were on level 1 of the Dungeon.
You visited 1 branch of the dungeon, and saw 1 of its levels.

You collected 9 gold pieces.

Inventory:

Armour
 a - a +0 robe (worn)
Scrolls
 c - 2 scrolls of teleportation {unknown}
 f - a scroll of magic mapping {unknown}
Potions
 b - a potion of ambrosia
 d - a potion of attraction {unknown}
 e - 2 potions of haste {unknown}


   Skills:
 + Level 3.4 Fighting
 - Level 2.6 Dodging
 + Level 2.4 Stealth
 * Level 3.6 Unarmed Combat


You had one spell level left.
You didn't know any spells.
Your spell library contained the following spells:

 Spells                   Type           Power      Damage    Failure   Level
 Blink                    Tloc           0%         N/A       63%         2
 Manifold Assault         Tloc           0%         N/A       100%        5
 Storm Form               Tmut/Air       Unusable   N/A       N/A         7

Dungeon Overview and Level Annotations

Branches:
Dungeon (1/15)

Altars:


Innate Abilities, Weirdness & Mutations

You are immune to poison.
You have sharp fingernails.
Your flesh is cold resistant. (rC+)
You are immune to negative energy. (rN+++)
You do not regenerate when monsters are visible.
You are immune to unholy pain and torment.
You thrive by killing the living.


Message History

f - a scroll labelled BEAHATT LEPREPS
Found a fuming sapphire potion.
The rat closely misses you.
You barely miss the rat. Your claw misses the rat.
The rat bites you but does no damage.
You barely miss the rat. The rat misses you.
You claw the rat!
You kill the rat!
You feel better.
Found 10 gold pieces.
A goblin comes into view. It is wielding a +0 club.
The goblin shouts!
The goblin hits you with a +0 club.
You see here a fuming sapphire potion.
You scratch the goblin but do no damage.
The goblin hits you with a +0 club.
You closely miss the goblin. The goblin hits you with a +0 club.
You closely miss the goblin. The goblin hits you with a +0 club.
You closely miss the goblin. The goblin hits you with a +0 club.
You claw the goblin!
You kill the goblin!
Things that are here:
a +0 club; a goblin corpse
e - 2 fuming sapphire potions (gained 1)
Found a scroll labelled ISODEWK JIRA.
An endoplasm comes into view.
A quokka comes into view.
Found 10 gold pieces.
You see here 10 gold pieces.
The quokka bites you.
You closely miss the quokka.
The endoplasm quivers.
The quokka bites you.
You barely miss the quokka. The quokka closely misses you.
The endoplasm hits you.
* * * LOW HITPOINT WARNING * * *
You closely miss the quokka. The quokka bites you.
* * * LOW HITPOINT WARNING * * *
The endoplasm hits you.
You die...

.............. .......
#........#### .......
#......## #......
#.....#§# ≈#.....
#......### # #..$..?##
##........###
........####............
....................##..
......J@$...........##..
#..##.r........##...##..
#..........#..#.##..
...................#..
##......#.....#.#.#...
#.....#§#...#..#.##.#
#..#####.###.#)#.##..
##. #.# #.........
.......##.###.


You could see an endoplasm and a quokka.

Vanquished Creatures
  An endoplasm (D:1)
  2 goblins (D:1)
  2 hobgoblins (D:1)
  3 rats (D:1)
8 creatures vanquished.

Vanquished Creatures (others)
  A fungus (D:1)
  A plant (D:1)
2 creatures vanquished.

Grand Total: 10 creatures vanquished

Notes
Turn   | Place    | Note
-------+----------+-------------------------------------------
     0 | D:1      | Dvallin the Ghoul Monk began the quest for the Orb.
     0 | D:1      | Reached XP level 1. HP: 19/19 MP: 0/0
   218 | D:1      | Found a faded altar of an unknown god.
   234 | D:1      | Reached XP level 2. HP: 22/26 MP: 1/1
   280 | D:1      | Slain by an endoplasm

Illustrated notes

Levels and vault maps discovered:
D:1:      dpeg_arrival_long_road, layout_loops_ring,
          dreamdust_ecumenical_altar_grove, kennysheep_decorative_pillar

Action                   || total
-------------------------++-------
Melee: Unarmed           ||    27
       Punch             ||     1
Armor: Robe              ||     3
Dodge: Dodged            ||     8
